 Dungeon Crawl Stone Soup version 0.21-a0-552-g593960d (webtiles) character file.

57 Lasiace the Skirmisher (level 4, 0/50 HPs)
             Began as an Ogre Skald on Dec 16, 2017.
             Succumbed to an adder's poison
             ... on level 2 of the Dungeon.
             The game lasted 00:04:35 (1377 turns).

Lasiace the Skirmisher (Ogre Skald)                 Turns: 1377, Time: 00:04:36

Health: 0/50       AC:  3    Str: 15    XL:     4   Next: 0%
Magic:  5/7        EV: 10    Int: 19    God:
Gold:   49         SH:  0    Dex:  9    Spells: 6/7 levels left

rFire    . . .     SeeInvis .   a - +0 mace
rCold    . . .     Gourm    .   (no shield)
rNeg     . . .     Faith    .   d - +0 robe
rPois    .         Spirit   .   (helmet restricted)
rElec    .         Reflect  .   (no cloak)
rCorr    .         Harm     .   (gloves unavailable)
MR       .....                  (boots unavailable)
Stlth    +.........             (no amulet)
HPRegen  0.16/turn              (no ring)
MPRegen  0.10/turn              (no ring)

@: brilliant, lethally poisoned (0 -> -3), hasted, very quick
A: large, unfitting armour, tough skin 1
a: no special abilities


You were on level 2 of the Dungeon.
You were not hungry.

You visited 1 branch of the dungeon, and saw 2 of its levels.

You collected 49 gold pieces.

Inventory:

Hand Weapons
 a - a +0 mace (weapon)
Armour
 d - a +0 robe (worn)
Scrolls
 e - a scroll of remove curse {unknown}
 f - 4 scrolls of identify {unknown}
 j - a scroll of amnesia {unknown}
Books
 B - a book of Battle

   Spells                             Type                      Level
   a - Infusion                       Charms                       1
   b - Shroud of Golubria             Charms/Translocation         2
   c - Song of Slaying                Charms                       2
   d - Spectral Weapon                Hexes/Charms                 3
   e - Regeneration                   Charms/Necromancy            3
Comestibles
 b - 2 bread rations
 c - 3 chunks of flesh
 g - a meat ration


   Skills:
 + Level 5.5 Fighting
 - Level 1.7 Maces & Flails
 - Level 2.1 Dodging
 - Level 2.4 Spellcasting
 - Level 2.6 Charms


You had 6 spell levels left.
You knew the following spells:

 Your Spells              Type           Power        Failure   Level  Hunger
a - Infusion              Chrm           ###.         1%          1    #......


Dungeon Overview and Level Annotations

Branches:
Dungeon (2/15)

Altars:
Xom


Innate Abilities, Weirdness & Mutations

You are too large for most types of armour.
You have tough skin. (AC +1)


Message History

You feel sick.
* * * LOW HITPOINT WARNING * * *
You feel sick.
A kobold comes into view. It is wielding a whip.
* * * LOW HITPOINT WARNING * * *
You feel sick.
The kobold shouts!
* * * LOW HITPOINT WARNING * * *
You feel sick.
An adder comes into view.
The adder hisses angrily.
A ball python comes into view.
* * * LOW HITPOINT WARNING * * *
You feel sick.
The ball python hisses angrily.
The angel shouts!
The angel lectures the ground at length about the Axioms of Law.
Found a shimmering altar of Xom.
Unknown command.
You die...

...#..A#....
#..#...#... #...#
..#####.. #.#..
..._... #.#....##
..... #.#.....##
... #........###.#
###..S......##@##
...........#...####
#...S..............
#.....K.##...#####
#........#####
####.#...##.#
#.......## .#
#.......# .#
#.......###.#


You could see an angel (confused) and a kobold.

Vanquished Creatures
  An adder (D:2)
  3 leopard geckos
  3 giant cockroaches (D:1)
  3 goblins (D:1)
  10 hobgoblins (D:1)
  5 jackals (D:1)
  5 bats
  4 frilled lizards
  3 kobolds (D:1)
  4 rats (D:1)
41 creatures vanquished.

Notes
Turn   | Place    | Note
-------+----------+-------------------------------------------
     0 | D:1      | Lasiace the Ogre Skald began the quest for the Orb.
     0 | D:1      | Reached XP level 1. HP: 22/22 MP: 3/3
    12 | D:1      | Reached skill level 3 in Fighting
   201 | D:1      | Reached XP level 2. HP: 28/32 MP: 5/5
   331 | D:1      | Reached skill level 4 in Fighting
   789 | D:1      | Reached XP level 3. HP: 40/40 MP: 6/6
   894 | D:1      | Reached skill level 5 in Fighting
  1352 | D:2      | Reached XP level 4. HP: 13/50 MP: 4/7
  1370 | D:2      | HP: 2/50 [poisoned by an adder]
  1376 | D:2      | Found a shimmering altar of Xom.
  1376 | D:2      | Noticed an angel
  1377 | D:2      | Succumbed to an adder's poison

Vault maps used:
D:1:      onia_arrival_mini_maze_b, minmay_vboxes
D:2:      grunt_temple_overflow_order_and_chaos_1,
          nicolae_qazlal_general_emergency, uniq_terence

Skill      XL: |  1  2  3 |
---------------+----------+-----
Fighting       | 3 4 5 |  5.5
Maces & Flails | |  1.7
Dodging        | |  2.1
Spellcasting   | |  2.4
Charms         | |  2.6

Action                   |  1- 3 |  4- 6 || total
-------------------------+-------+-------++-------
Melee: Mace              |   108 |       ||   108
 Cast: Infusion          |    17 |       ||    17
  Use: Potion            |       |     2 ||     2
 Stab: Sleeping          |     1 |       ||     1
  Eat: Chunk             |     2 |       ||     2
Armor: Robe              |    37 |       ||    37
Dodge: Dodged            |    67 |       ||    67

Table legend:
 A = Spawn XP
 B = Non-spawn XP
 C = Spawn XP percentage of total XP
 D = Spawn monster count
 E = Non-spawn monster count
 F = Spawn count percentage of total count
 G = Total turns spent on level
                    A         B        C        D         E        F      G
               +---------+---------+-------+---------+---------+-------+---------
         Total |       0 |      82 |   0.0 |       0 |      41 |   0.0 |  1377
               +---------+---------+-------+---------+---------+-------+---------
           D:1 |       0 |      62 |   0.0 |       0 |      36 |   0.0 |  1281
           D:2 |       0 |      20 |   0.0 |       0 |       5 |   0.0 |    96
               +---------+---------+-------+---------+---------+-------+---------
